Map: Dusk Towers

Players

LilDicky - Winner!

  • Race: Terran Terran
  • League: Diamond

Fredous

  • Race: Terran Terran
  • League: Diamond

VOD

http://www.twitch.tv/tumescentpie

Description

Time

  • Played on: Nov. 26, 2015, 11:57 p.m.
  • Length: 11:04
Show
View Real Time Build Order
Export as new Build Order

LilDicky Terran - Winner!

Build Orders:  

Get SALT Encoding   

  12  0:01  SCV  
  13  0:13  SCV  
  14  0:18  Supply Depot  
  14  0:29  SCV  
  14  0:34  Refinery  
  15  0:41  SCV  
  16  0:45  Barracks  
  16  0:53  SCV  
  17  1:05  SCV  
  18  1:17  SCV  
  19  1:21  Barracks  
  19  1:26  Barracks  
  19  1:31  SCV  
  20  1:36  Reaper  
  20  1:39  Supply Depot  
  21  1:49  Orbital Command  
  21  2:07  Refinery  
  21  2:08  Reaper  
  22  2:12  Reaper  
  22  2:15  SCV  
  24  2:20  Supply Depot  
  24  2:23  Reaper  
  25  2:30  SCV  
  26  2:42  SCV  
  27  2:57  Reaper x2  
  29  2:59  Reaper  
  29  3:00  SCV  
  29  3:03  Supply Depot  
  31  3:14  Command Center  
  31  3:20  SCV  
  32  3:29  Reaper x2, Refinery  
  32  3:31  Reaper  
  32  3:32  SCV  
  32  3:33  Supply Depot  
  36  4:01  Reaper x2  
  38  4:03  Reaper  
  39  4:33  Reaper x2, Orbital Command  
  39  4:35  Reaper  
  42  4:39  Refinery  
  34  5:23  Marine x3  
  34  5:25  SCV  
  35  5:29  SCV, Factory x2  
  35  5:38  SCV  
  35  5:41  SCV, Marine x3  
  40  5:46  Supply Depot  
  40  5:50  SCV  
  40  5:53  SCV  
  41  5:59  Marine x3  
  44  6:07  SCV  
  45  6:14  Barracks x2  
  45  6:17  Marine x3  
  45  6:19  Factory Tech Lab  
  45  6:21  Factory Reactor  
  40  6:34  Marine  
  40  6:35  Marine x2  
  43  6:52  Engineering Bay, Marine x3  
  45  6:57  Widow Mine x2  
  51  7:02  Starport  
  51  7:04  Siege Tank  
  51  7:06  Barracks Tech Lab x2  
  52  7:09  SCV x2  
  52  7:10  Marine x3  
  57  7:21  SCV  
  58  7:24  Stimpack  
  58  7:25  Combat Shields  
  58  7:26  Hellion x2  
  58  7:28  Marine x2  
  64  7:39  Marine x2  
  64  7:40  Marine  
  64  7:41  SCV  
  64  7:42  Siege Tank  
  71  7:46  Marine  
  71  7:48  Hellion x2  
  52  8:07  Marine x2  
  52  8:08  Marine  
  53  8:14  Marine x2  
  53  8:17  Medivac  
  53  8:19  Supply Depot  
  55  8:20  Siege Tank  
  55  8:24  Hellion  
  55  8:25  Marine x3  
  55  8:27  SCV  
  64  8:32  Marine x2  
  66  8:35  SCV  
  67  8:43  Marine x3  
  70  8:52  SCV x2  
  70  8:55  Medivac  
  74  8:56  Marine x2  
  74  8:57  Starport  
  76  9:04  SCV  
  81  9:10  Hellion x2  
  81  9:11  Siege Tank  
  81  9:14  Marauder  
  86  9:44  Marine x2  
  86  9:46  Marauder  
  86  9:53  Starport Tech Lab  
  86  9:54  Supply Depot, Starport Reactor  
  86  10:15  Marine x2  
  86  10:16  SCV, Marauder x2  
  86  10:20  Marine  
  90  10:33  Hellion x2  
  94  10:42  Marine  
  94  10:43  Marine x2  
Show
View Real Time Build Order
Export as new Build Order

Fredous Terran 

Build Orders:  

Get SALT Encoding   

  12  0:03  SCV  
  13  0:15  SCV  
  14  0:21  Supply Depot  
  14  0:28  SCV  
  15  0:43  SCV  
  15  0:45  Barracks  
  16  0:52  Refinery  
  16  0:58  SCV  
  17  1:10  SCV  
  18  1:30  SCV  
  19  1:41  Supply Depot, Reaper  
  19  1:46  SCV  
  21  1:47  Command Center  
  21  2:00  Orbital Command  
  21  2:18  Factory  
  21  2:27  SCV  
  22  2:30  Marine  
  22  2:34  Barracks  
  22  2:35  Refinery  
  23  2:39  SCV  
  24  2:48  Bunker  
  24  2:51  SCV  
  24  2:52  Marine  
  25  3:03  SCV  
  26  3:06  Supply Depot  
  28  3:13  Hellion, Marine  
  28  3:15  SCV  
  29  3:21  Marine  
  30  3:27  Starport  
  30  3:30  Marine  
  30  3:31  SCV  
  32  3:37  Hellion  
  32  3:39  Marine  
  35  3:46  Orbital Command  
  35  3:48  SCV  
  36  3:59  Factory Tech Lab  
  36  4:00  SCV, Liberator  
  36  4:10  Marine  
  36  4:12  SCV  
  38  4:20  Hellion  
  43  4:26  Supply Depot  
  43  4:28  Marine  
  44  4:39  Supply Depot  
  44  4:42  SCV  
  44  4:46  Marine  
  43  5:04  Marine  
  30  5:28  SCV x2  
  31  5:34  Barracks Reactor  
  30  5:36  Factory Tech Lab  
  30  5:38  Marine  
  30  5:40  SCV x2  
  33  5:52  SCV  
  33  5:55  SCV  
  33  5:56  Marine  
  37  6:04  SCV  
  37  6:07  SCV  
  37  6:11  Marine  
  37  6:16  Marine  
  38  6:21  Siege Tank  
  38  6:22  Marine  
  42  6:29  Marine  
  43  6:34  Marine  
  43  6:39  SCV x2  
  46  6:40  Marine  
  46  6:43  Command Center  
  46  6:46  Marine  
  48  6:51  SCV  
  48  6:52  Marine  
  50  6:58  Marine  
  50  7:00  Starport Reactor  
  49  7:01  SCV  
  49  7:03  SCV  
  50  7:08  Refinery, Marine  
  50  7:09  Marine  
  50  7:10  Refinery  
  50  7:13  SCV  
  50  7:15  SCV  
  54  7:24  Siege Tank  
  54  7:25  SCV  
  54  7:27  SCV  
  59  7:30  Barracks Tech Lab  
  59  7:37  SCV  
  59  7:39  SCV  
  57  7:49  SCV  
  52  7:51  SCV  
  52  7:55  Marine x2  
  52  7:56  Marine  
  49  7:59  Orbital Command  
  49  8:00  Stimpack  
  49  8:01  SCV  
  49  8:03  SCV  
  51  8:10  Medivac  
  53  8:13  Marine x2  
  53  8:14  SCV, Marauder  
  53  8:18  SCV  
  56  8:26  SCV  
  57  8:30  SCV, Marine  
  57  8:31  Barracks, Marine  
  57  8:32  Barracks  
  57  8:33  Supply Depot  
  57  8:34  SCV, Barracks, Supply Depot  
  61  8:37  Marine  
  61  8:38  SCV  
  63  8:42  SCV  
  63  8:46  SCV  
  65  8:48  Marine x2  
  65  8:55  Marine  
  69  8:57  Siege Tank  
  70  9:06  Marine x2  
  72  9:13  Marine  
  72  9:14  SCV  
  72  9:15  Factory x2  
  73  9:22  Viking  
  75  9:24  Marine  
  75  9:25  Marine  
  75  9:27  Barracks Tech Lab x2  
  75  9:28  Marine  
  78  9:37  Marine  
  70  9:50  Siege Tank  
  73  9:55  Marauder  
  70  10:06  Factory Tech Lab  
  67  10:11  Marine x2  
  67  10:13  Marauder, Marine  
  71  10:14  SCV  
  60  10:22  Siege Tank  
  60  10:24  Marine  
  60  10:26  Marine  
  60  10:29  Marine x2  
  60  10:31  Marine  
  60  10:34  SCV, Marine  
  61  10:42  Marine  
Tags
 
Add a new tag
Caveats
  • Supply blocks, unpowered buildings, or Contaminate may cause inaccurate times.
  • Supply counts are checked every 10 seconds.